 Dungeon Crawl Stone Soup version 0.29.1-15-g9cfb28693d (webtiles) character file.

Game seed: 14002922162080967333

77 protoss039 the Digger (level 4, 0/33 HPs)
             Began as a Demonspawn Earth Elementalist on Feb 28, 2023.
             Slain by an adder (2 damage)
             ... on level 2 of the Dungeon.
             The game lasted 00:02:50 (1909 turns).

protoss039 the Digger (DsEE)                        Turns: 1909, Time: 00:02:52

Health: 0/33       AC:  4    Str:  9    XL:     4   Next: 14%
Magic:  8/8        EV: 12    Int: 18    God:
Gold:   91         SH:  0    Dex: 13    Spells: 5/8 levels left

rFire   . . .      SeeInvis .   k - +0 whip (elec)
rCold   . . .      Faith    .   (no shield)
rNeg    . . .      Spirit   .   a - +0 robe
rPois   .          Reflect  .   (no helmet)
rElec   .          Harm     .   (no cloak)
rCorr   .          Rampage  .   e - +1 pair of gloves
Will    .....                   (no boots)
Stlth   ++........              (no amulet)
HPRegen 0.11/turn               (no ring)
MPRegen 0.11/turn               (no ring)

@: lethally poisoned (0 -> -6)
A: demonic magic 1, weakness stinger 1
a: no special abilities


You were on level 2 of the Dungeon.
You visited 1 branch of the dungeon, and saw 2 of its levels.

You collected 91 gold pieces.

Inventory:

Hand Weapons
 c - a +0 dagger of flaming
 k - a +0 whip of electrocution (weapon)
 o - a +1 dagger of speed
Armour
 a - a +0 robe (worn)
 e - a +1 pair of gloves (worn)
 h - a +0 kite shield
Jewellery
 f - a ring of fire
Scrolls
 d - 2 scrolls of magic mapping {unknown}
 i - 3 scrolls of identify {unknown}
 j - a scroll of poison {unknown}
Potions
 b - a potion of magic
 g - 2 potions of heal wounds {unknown}
 l - a potion of brilliance {unknown}
 m - a potion of lignification {unknown}
 n - a potion of flight {unknown}
 p - a potion of cancellation {unknown}


   Skills:
 + Level 2.0 Fighting
 - Level 1.7 Dodging
 - Level 1.7 Stealth
 + Level 2.8 Spellcasting
 - Level 0.8 Transmutations
 + Level 3.4 Earth Magic


You had 5 spell levels left.
You knew the following spells:

 Your Spells              Type           Power      Damage    Failure   Level
a - Sandblast             Erth           28%        2d8       4%          1
b - Passwall              Tmut/Erth      8%         N/A       11%         2

Your spell library contained the following spells:

 Spells                   Type           Power      Damage    Failure   Level
 Stone Arrow              Conj/Erth      16%        3d8       24%         3
 Petrify                  Tmut/Erth      10%        N/A       56%         4
 Lee's Rapid Deconstruct  Erth           7%         3d7*      75%         5
 Fulminant Prism          Conj/Hex       1%         3d6       86%         4
 Iskenderun's Mystic Bla  Conj/Tloc      2%         2d3       86%         4


Dungeon Overview and Level Annotations

Branches:
Dungeon (2/15) Zot: 10061

Altars:

Shops:
D:2 :


Innate Abilities, Weirdness & Mutations

Spells you cast may paralyse adjacent enemies.
You have a small tail.


Message History

You hit the ball python.
You kill the ball python!
Your Fighting skill increases to level 2!
You hit the rat.
You kill the rat!
You hit the quokka.
The quokka is severely wounded.
The quokka bites you but does no damage.
The quokka barely misses you.
You closely miss the quokka.
The quokka is severely wounded.
The quokka barely misses you.
You barely miss the quokka.
The quokka is severely wounded.
The quokka bites you.
You hit the quokka.
You kill the quokka!
The adder bites you but does no damage.
You closely miss the adder. The adder bites you.
You hit the adder. Lightning courses through the adder!
The adder is almost dead.
The adder bites you.
* * * LOW HITPOINT WARNING * * *
You are poisoned.
The adder poisons you! The adder bites you but does no damage.
You closely miss the adder.
The adder is almost dead.
* * * LOW HITPOINT WARNING * * *
You feel sick. The adder bites you but does no damage.
You completely miss the adder.
The adder is almost dead.
* * * LOW HITPOINT WARNING * * *
You feel sick. The adder bites you but does no damage.
You completely miss the adder.
The adder is almost dead.
You feel sick. The adder bites you.
* * * LOW HITPOINT WARNING * * *
You are more poisoned.
The adder poisons you! The adder bites you.
You die...

##.#####.#####...
#....†.#....(....
######.##########
#....)...... ####
############ ..# ........ #.#
######## #
#.#################### #..
#...S@................
.....###..###################
#.......# #(..#..#..# #
#!.#..# ####..# ...# ...#
#####


You could see an adder.

Vanquished Creatures
  2 adders (D:2)
  2 worms (D:2)
  A dart slug (D:1)
  2 ball pythons (D:2)
  4 endoplasms
  3 giant cockroaches
  7 goblins
  3 hobgoblins
  5 quokkas
  4 bats
  8 kobolds
  6 rats
47 creatures vanquished.

Notes
Turn   | Place    | Note
-------+----------+-------------------------------------------
     0 | D:1      | protoss039 the Demonspawn Earth Elementalist began the
                  | quest for the Orb.
     0 | D:1      | Reached XP level 1. HP: 13/13 MP: 3/3
   208 | D:1      | Gained mutation: Spells you cast may paralyse adjacent
                  | enemies. [demonic ancestry]
   208 | D:1      | Reached XP level 2. HP: 17/20 MP: 1/5
   398 | D:1      | Reached skill level 1 in Fighting
   514 | D:1      | Reached skill level 3 in Earth Magic
  1248 | D:1      | Learned a level 2 spell: Passwall
  1325 | D:2      | Gained mutation: You have a small tail. [demonic ancestry]
  1325 | D:2      | Reached XP level 3. HP: 26/26 MP: 6/6
  1522 | D:2      | Found Moask's Book Boutique.
  1677 | D:2      | Reached XP level 4. HP: 33/33 MP: 5/8
  1909 | D:2      | Slain by an adder

Illustrated notes

Levels and vault maps discovered:
D:1:      matt_arrival_los_fun, layout_basic
D:2:      layout_basic, serial_shops, nicolae_shop_advertising_works
          [nicolae_subvault_shop_adworks], minmay_octomino_c4

Skill      XL: |  1  2  3  4 |
---------------+-------------+-----
Fighting       | 1 2 |  2.0
Earth Magic    | 3 |  3.4
Dodging        | |  1.7
Stealth        | |  1.7
Spellcasting   | |  2.8
Transmutations | |  0.8

Action                   |  1- 3 |  4- 6 || total
-------------------------+-------+-------++-------
Melee: Spear             |    33 |       ||    33
       Whip              |    37 |    30 ||    67
       Tailslap          |     4 |     2 ||     6
 Cast: Sandblast         |    39 |     1 ||    40
 Stab: Paralysed         |     3 |       ||     3
       Sleeping          |     1 |       ||     1
       Distracted        |       |     1 ||     1
Armor: Robe              |    35 |    14 ||    49
Dodge: Dodged            |    56 |    18 ||    74
